AoeStats
← MartyIgnacio

Oasis

510184385Analyzed
3v3 RM · 3d ago on Sep 29, 2026· 47m 5s· 6 players
Game mode
Random Map
Map size
Normal (6 player)
Population
200
Speed
Normal
Resources
Standard
Victory
Conquest
Starting age
Dark Age
Ending age
Imperial Age
RankedLock teamsTeams togetherTeam positionsShared explorationLock speedFull tech treeHidden civsTurbo modeCheats
Victory
Defeat
🇦🇷 Hindustanis · Argentina
1275
+10
🇨🇱 Khmer · Chile
1099
+18
🇨🇱 Magyars · Chile
857
+27
🇧🇷 Khmer · Brazil
1148
-19
🇨🇭 Persians · Switzerland
1128
-18
🇫🇷 Cumans · France
1114
-18
marekh
10:23 Loom
12:08 Feudal Age
13:50 Wheelbarrow
24:01 Castle Age
22:21 Double-Bit Axe
23:09 Horse Collar
23:40 Scale Barding Armor
24:21 Pikeman
40:56 Imperial Age
39:25 Heavy Plow
40:40 Bloodlines
Civilgarlic
10:27 Feudal Age
12:32 Loom
17:33 Castle Age
21:03 Scale Barding Armor
22:33 Forging
22:42 Horse Collar
23:33 Double-Bit Axe
28:11 Wheelbarrow
30:37 Chain Barding Armor
30:58 Husbandry
31:09 Bloodlines
32:39 Iron Casting
34:21 Fletching
37:46 Hand Cart
37:54 Gold Mining
44:35 Imperial Age
42:47 Gold Shaft Mining
44:43 Heavy Camel Rider
Arqueiro Vermelho
0:29 Loom
13:09 Feudal Age
16:50 Castle Age
17:36 Wheelbarrow
17:41 Husbandry
24:29 Forging
26:25 Double-Bit Axe
26:38 Horse Collar
29:24 Iron Casting
30:34 Town Watch
31:44 Scale Barding Armor
37:38 Imperial Age
39:23 Chemistry
38:56 Conscription
39:15 Gold Mining
40:25 Town Patrol
41:32 Fletching
44:00 Hand Cart
44:07 Chain Barding Armor
47:27 Double Crossbow
mertndolan7564
2:29 Loom
6:41 Loom
8:28 Feudal Age
15:09 Castle Age
14:14 Horse Collar
14:55 Double-Bit Axe
18:37 Bloodlines
22:14 Forging
22:14 Scale Barding Armor
24:24 Chain Barding Armor
25:12 Forging
25:56 Heavy Plow
26:04 Pikeman
29:33 Iron Casting
30:47 Wheelbarrow
30:32 Town Watch
36:17 Light Cavalry
36:59 Husbandry
38:12 Town Patrol
40:49 Imperial Age
40:18 Gold Mining
41:07 Hussar
42:34 Plate Barding Armor
46:40 Chemistry
46:24 Heavy Scorpion
48:35 Blast Furnace
MartyIgnacio
5:49 Loom
8:26 Feudal Age
9:30 Double-Bit Axe
15:32 Scale Barding Armor
19:17 Bloodlines
23:00 Castle Age
22:02 Wheelbarrow
23:53 Husbandry
24:31 Bow Saw
24:06 Horse Collar
25:09 Chain Barding Armor
30:28 Gold Mining
30:15 Light Cavalry
35:44 Hand Cart
37:23 Gold Shaft Mining
40:58 Imperial Age
41:18 Heavy Plow
41:36 Cavalier
43:25 Paladin
45:26 Conscription
Eman3007
6:46 Loom
9:21 Feudal Age
9:51 Double-Bit Axe
9:58 Horse Collar
16:56 Wheelbarrow
18:26 Bloodlines
21:03 Castle Age
19:16 Scale Barding Armor
20:02 Gold Mining
22:09 Chain Barding Armor
24:15 Forging
26:44 Husbandry
30:11 Iron Casting
31:41 Bow Saw
31:31 Heavy Plow
39:47 Imperial Age
37:32 Hand Cart
37:03 Town Watch
38:36 Heavy Plow
40:34 Gold Shaft Mining
39:50 Stone Mining
39:53 Heavy Camel Rider
41:10 Plate Barding Armor
41:07 Town Patrol
42:28 Blast Furnace
41:44 Light Cavalry
41:46 Imperial Camel Rider
44:46 Two-Man Saw
43:40 Fletching
43:12 Hussar
46:30 Grand Trunk Road
Connection lost

Rejoining the realm…

Still unreachable

The connection could not be restored.

Session expired

The server has moved on; the page needs a fresh start.